Map: Dusty Gorge

Players

HermanoVitor

  • Race: Protoss Protoss
  • Spawn Location: 3:00

smEga

  • Race: Terran Terran
  • League: Platinum
  • Spawn Location: 5:00

OpuS

  • Race: Protoss Protoss
  • League: Platinum
  • Spawn Location: 11:00

Sketchaphone

  • Race: Zerg Zerg
  • League: Platinum
  • Spawn Location: 9:00

VOD

Have the link to the VOD?

Description

Time

  • Played on: Feb. 16, 2019, 7:52 p.m.
  • Length: 16:21
Show
View Real Time Build Order
Export as new Build Order

HermanoVitor Protoss 

Build Orders: Oracle Opening 

Get SALT Encoding   

  12  0:10  Pylon  
  12  0:13  Probe  
  13  0:31  Gateway  
  13  0:34  Probe  
  14  0:43  Probe, Assimilator  
  15  0:52  Probe  
  16  1:00  Probe  
  16  1:03  Assimilator  
  17  1:11  Probe  
  18  1:19  Probe  
  18  1:20  Cybernetics Core  
  19  1:28  Probe  
  20  1:39  Probe  
  21  1:50  Pylon  
  21  1:51  Probe  
  22  2:00  Stargate  
  22  2:03  Probe  
  23  2:16  Probe  
  24  2:31  Probe  
  24  2:32  Oracle  
  24  2:34  Pylon  
  24  2:35  Stalker  
  30  3:01  Oracle  
  30  3:05  Stalker, Pylon  
  35  3:27  Shield Battery  
  35  3:35  Stalker  
  34  3:52  Oracle  
  37  4:05  Stalker, Nexus  
  39  4:17  Probe  
  40  4:26  Pylon  
  40  4:29  Probe, Oracle  
  44  4:39  Gateway  
  44  4:41  Probe  
  45  4:57  Probe  
  45  5:00  Warp Gate  
  45  5:05  Probe  
  46  5:08  Robotics Facility  
  46  5:13  Probe  
  47  5:15  Probe  
  49  5:22  Probe  
  49  5:24  Probe  
  51  5:31  Probe  
  51  5:32  Probe  
  52  5:37  Stalker x2  
  52  5:41  Probe  
  57  5:44  Probe  
  59  5:56  Probe  
  57  6:00  Probe  
  52  6:04  Assimilator  
  52  6:07  Observer  
  52  6:08  Probe, Assimilator  
  54  6:12  Probe  
  54  6:17  Pylon  
  54  6:18  Immortal  
  55  6:20  Probe  
  55  6:24  Pylon, Probe  
  57  6:30  Twilight Council  
  57  6:32  Probe  
  62  6:36  Probe  
  63  6:45  Immortal, Void Ray  
  67  6:52  Gateway  
  67  6:54  Gateway  
  67  6:59  Stalker x2  
  75  7:13  Pylon  
  75  7:17  Pylon, Immortal  
  79  7:30  Gateway  
  79  7:34  Stalker  
  79  7:36  Gateway  
  81  7:39  Pylon  
  81  7:56  Immortal  
  81  7:57  Void Ray  
  89  8:02  Charge  
  89  8:04  Dark Shrine  
  69  8:40  Void Ray  
  71  8:43  Robotics Bay  
  71  8:46  Robotics Facility  
  71  9:00  Stalker x5  
  71  9:01  Stalker  
  82  9:15  Nexus  
  82  9:24  Dark Templar  
  84  9:31  Extended Thermal Lance  
  84  9:33  Nexus  
  84  9:40  Probe  
  84  9:41  Pylon, Probe  
  84  9:42  Dark Templar x2  
  90  9:48  Probe  
  90  9:49  Probe  
  90  9:50  Pylon  
  91  9:57  Probe  
  91  9:58  Probe  
  94  10:08  Colossus  
  94  10:09  Probe  
  94  10:10  Probe  
  98  10:21  Phoenix  
  98  10:22  Probe  
  98  10:27  Probe x2  
  103  10:34  Probe  
  104  10:37  Archon  
  104  10:39  Probe x2, Phoenix  
  104  10:41  Stalker x2  
  110  10:45  Probe  
  110  10:46  Probe  
  114  10:51  Probe  
  114  10:52  Probe  
  114  10:56  Probe  
  116  10:57  Probe  
  116  11:00  Probe x2  
  116  11:01  Phoenix  
  116  11:03  Assimilator  
  119  11:04  Probe  
  119  11:08  Probe x2  
  119  11:09  Probe  
  124  11:12  Probe  
  124  11:17  Probe  
  127  11:18  Stargate  
  127  11:19  Probe  
  127  11:21  Probe, Stargate  
  127  11:24  Probe  
  131  11:26  Phoenix  
  131  11:29  Probe  
  131  11:30  Assimilator  
  131  11:31  Probe  
  135  11:33  Probe  
  135  11:38  Assimilator  
  136  11:42  Assimilator  
  136  11:45  Pylon  
  110  11:48  Pylon  
  110  11:51  Stalker, Phoenix  
  110  11:52  Stalker x5  
  106  12:08  Phoenix  
  106  12:09  Phoenix  
  110  12:16  Phoenix  
  112  12:23  Probe x4  
  116  12:35  Probe x3  
  116  12:36  Probe  
  120  12:41  Phoenix  
  120  12:42  Phoenix x2  
  126  13:02  Pylon  
  126  13:03  Probe x3  
  129  13:06  Phoenix  
  129  13:07  Phoenix x2  
  135  13:22  Observer  
  135  13:23  Forge  
  135  13:24  Observer  
  137  13:31  Phoenix x2  
  137  13:32  Phoenix  
  137  13:33  Pylon  
  143  13:38  Nexus, Zealot  
  143  13:39  Zealot x5  
  155  13:42  Protoss Ground Weapons Level 1  
  155  13:44  Pylon  
  155  13:45  Protoss Air Weapons Level 1  
  155  13:48  Pylon  
  155  13:51  Colossus  
  161  14:12  Colossus  
  161  14:16  Void Ray x2  
  175  14:22  Dark Templar x3  
  181  14:36  Forge  
  181  14:42  Void Ray  
  185  14:59  Void Ray x2  
  193  15:01  Dark Templar x2  
  193  15:02  Zealot  
  173  15:57  Stalker x4  
  173  15:58  Stalker x2  
Show
View Real Time Build Order
Export as new Build Order

smEga Terran 

Build Orders:  

Get SALT Encoding   

  12  0:17  SCV  
  12  0:19  Supply Depot  
  13  0:23  Refinery  
  13  0:29  SCV  
  14  0:43  Barracks  
  14  0:47  SCV  
  15  0:59  SCV  
  16  1:07  Supply Depot  
  16  1:11  SCV  
  17  1:24  SCV  
  18  1:32  Factory  
  18  1:34  Marine  
  18  1:39  SCV  
  20  2:14  SCV  
  20  2:15  Command Center  
  21  2:19  Factory Tech Lab  
  21  2:21  Marine  
  22  2:29  SCV  
  23  2:38  Supply Depot  
  23  2:50  Barracks Reactor  
  23  2:54  Siege Tank  
  26  2:59  Refinery  
  26  3:00  SCV  
  27  3:13  Orbital Command  
  27  3:25  Engineering Bay, Refinery  
  27  3:28  Marine x2  
  27  3:32  SCV  
  30  3:50  Starport  
  30  4:03  Marine x2  
  30  4:04  SCV  
  30  4:08  Orbital Command  
  34  4:17  SCV  
  34  4:22  Siege Tank  
  34  4:23  Marine x2  
  39  4:30  Supply Depot  
  39  4:31  Starport Reactor  
  39  4:34  SCV  
  40  4:52  Missile Turret  
  40  4:54  SCV  
  40  4:56  SCV  
  40  4:58  Marine  
  40  4:59  Marine  
  44  5:08  SCV  
  44  5:11  Missile Turret  
  45  5:16  Marine  
  45  5:18  SCV  
  45  5:21  SCV  
  48  5:26  Medivac  
  48  5:27  Medivac  
  52  5:30  SCV  
  52  5:33  SCV  
  52  5:35  Barracks  
  54  5:43  SCV  
  54  5:45  SCV  
  54  5:46  Supply Depot  
  54  5:47  Supply Depot  
  56  5:55  Marine x2  
  56  5:56  Viking  
  60  5:57  SCV  
  60  6:01  SCV  
  62  6:09  SCV  
  63  6:11  Armory  
  63  6:13  SCV  
  63  6:16  Refinery  
  63  6:17  Siege Tank  
  67  6:18  Marine  
  67  6:19  Liberator  
  67  6:20  Marine  
  67  6:21  SCV  
  67  6:22  Barracks Tech Lab  
  70  6:32  SCV  
  71  6:33  Medivac, SCV  
  71  6:38  Marine  
  78  6:47  Supply Depot  
  78  6:50  Supply Depot  
  78  6:51  Marine  
  79  7:10  SCV x2  
  79  7:11  Combat Shield  
  79  7:12  Marauder  
  83  7:28  Marine x2, Siege Tank  
  88  7:30  Viking  
  88  7:31  Viking  
  88  7:33  Marauder  
  79  8:00  Marine x2, Siege Tank  
  79  8:01  Marauder  
  85  8:25  Marine x2  
  85  8:39  Barracks  
  79  8:43  Marine x2  
  79  8:45  Command Center  
  80  9:00  Marine  
  81  9:07  Liberator x2  
  81  9:11  Marine  
  81  9:12  Marauder  
  81  9:15  Sensor Tower  
  84  9:18  Marine, Missile Turret  
  84  9:22  Siege Tank  
  84  9:23  Terran Vehicle And Ship Armor Level 1  
  88  9:27  SCV  
  88  9:28  Marine  
  96  9:31  Barracks  
  96  9:32  Barracks Reactor  
  96  9:33  Marauder  
  96  9:34  Terran Infantry Armor Level 1  
  96  9:36  Marine  
  99  9:39  Missile Turret  
  99  9:44  Stimpack  
  99  9:46  Marine  
  99  9:52  Liberator x2  
  100  9:54  Marine  
  101  10:01  Orbital Command, Supply Depot  
  101  10:04  Marine  
  102  10:07  Thor  
  102  10:12  Marine  
  100  10:48  Starport  
  100  10:49  SCV  
  101  10:50  SCV  
  101  10:51  SCV  
  101  10:52  Viking x2  
  101  10:54  Refinery, Marine  
  101  10:55  Refinery, Marine x3  
  101  10:56  Marauder  
  113  11:00  Barracks Tech Lab  
  113  11:03  SCV  
  114  11:09  SCV x2  
  116  11:15  SCV, Supply Depot  
  116  11:17  Marauder  
  119  11:22  Viking x2  
  123  11:30  Marine x4  
  127  11:38  Marauder  
  129  11:45  Concussive Shells  
  129  11:48  Marine x3  
  124  11:59  Marine  
  124  12:00  Marauder x2  
  121  12:05  Marine  
  121  12:06  Marine x2  
  114  12:17  Marine  
  114  12:22  Marauder x2  
  119  12:31  Missile Turret  
  119  12:32  SCV  
  120  12:37  Liberator x2  
  120  12:40  SCV  
  120  12:44  SCV  
  122  12:56  Starport Reactor, SCV  
  129  13:01  Thor  
  129  13:02  Marine x2  
  129  13:03  Marine x2  
  129  13:04  Marauder  
  141  13:09  SCV, Supply Depot  
  141  13:10  Marauder, Supply Depot  
  141  13:12  Terran Vehicle Weapons Level 1  
  144  13:13  Terran Infantry Weapons Level 1  
  144  13:20  Marine x4  
  148  13:31  Marauder x2  
  152  13:35  SCV  
  146  13:50  Medivac x3  
  146  13:51  Viking  
  146  13:52  Marauder  
  146  13:53  Marine x4  
  160  14:10  Marine x2  
  162  14:20  Viking x3  
  168  14:28  Command Center  
  168  14:32  Missile Turret x2  
  168  14:46  Marine x2  
  168  14:47  Marine  
  171  14:54  Missile Turret x2  
  171  14:56  Thor  
  118  15:28  Marine x3  
  118  15:29  Marine  
  118  15:30  Marauder x2  
  118  15:32  Viking x2  
  118  15:33  Viking x2  
  140  15:46  Marine x4  
  140  15:49  Orbital Command  
  144  15:51  Marauder  
  144  15:52  Marauder  
  156  16:05  Refinery  
Show
View Real Time Build Order
Export as new Build Order

OpuS Protoss 

Build Orders:  

Get SALT Encoding   

  12  0:01  Probe  
  13  0:13  Probe  
  14  0:23  Pylon  
  14  0:25  Probe  
  15  0:40  Probe  
  16  0:48  Probe  
  16  0:49  Gateway  
  16  0:55  Assimilator  
  16  0:56  Probe  
  17  1:01  Assimilator  
  18  1:07  Probe  
  19  1:17  Probe  
  19  1:18  Gateway  
  19  1:25  Probe  
  21  1:33  Probe  
  21  1:37  Cybernetics Core  
  22  1:44  Pylon  
  22  2:16  Nexus, Warp Gate  
  22  2:27  Stalker  
  24  2:30  Stalker  
  26  2:48  Probe  
  26  2:49  Robotics Facility  
  26  2:56  Probe  
  28  3:12  Shield Battery  
  27  3:14  Stalker x2  
  31  3:25  Gateway  
  31  3:29  Probe  
  31  3:30  Probe  
  33  3:37  Probe, Observer  
  29  3:42  Probe  
  29  3:45  Probe  
  30  3:54  Probe  
  30  3:55  Probe  
  32  3:56  Gateway  
  33  4:08  Stalker  
  35  4:10  Stalker  
  35  4:15  Probe  
  35  4:16  Probe  
  39  4:28  Probe x2  
  41  4:35  Stalker  
  41  4:36  Stalker  
  41  4:57  Stalker x2  
  41  4:59  Probe  
  46  5:04  Pylon  
  46  5:05  Pylon  
  46  5:10  Pylon  
  46  5:15  Pylon  
  46  5:22  Probe  
  47  5:32  Forge  
  47  5:36  Stalker x3  
  47  6:00  Immortal  
  47  6:06  Probe x2  
  53  6:14  Twilight Council  
  53  6:17  Protoss Ground Weapons Level 1  
  53  6:25  Probe x2  
  55  6:27  Shield Battery  
  55  6:37  Probe x2  
  55  6:38  Observer  
  58  6:49  Probe x2  
  58  6:50  Immortal  
  58  6:53  Blink  
  64  7:06  Probe x2  
  66  7:18  Probe x2  
  67  7:23  Immortal  
  62  7:58  Probe  
  62  7:59  Stalker, Probe  
  62  8:01  Stalker x2  
  56  8:31  Stalker x2  
  56  8:32  Stalker x2  
  60  8:39  Probe x2  
  62  8:54  Probe  
  62  8:55  Probe  
  64  9:04  Assimilator  
  64  9:06  Probe  
  64  9:07  Probe  
  64  9:08  Assimilator  
  64  9:09  Pylon  
  66  9:12  Pylon  
  66  9:19  Probe  
  66  9:20  Immortal  
  71  9:43  Robotics Bay  
  71  9:44  Stalker x4  
  79  9:50  Protoss Ground Weapons Level 2  
  79  10:01  Nexus  
  79  10:16  Pylon  
  79  10:23  Immortal  
  83  10:42  Shield Battery  
  83  10:45  Shield Battery  
  83  10:47  Shield Battery  
  83  10:48  Pylon  
  83  10:55  Disruptor  
  83  11:00  Stalker x2  
  83  11:01  Stalker  
  83  11:02  Stalker  
  94  11:04  Charge  
  94  11:22  Probe x2  
  94  11:25  Probe  
  97  11:31  Disruptor  
  100  11:34  Probe x2  
  82  11:56  Protoss Ground Weapons Level 3  
  82  12:01  Observer  
  65  12:04  Stalker x4  
  65  12:06  Probe x3  
  75  12:14  Gateway  
  75  12:16  Observer  
  75  12:18  Probe x3  
  75  12:19  Gateway  
  75  12:22  Gateway  
  79  12:24  Gateway  
  79  12:25  Disruptor, Robotics Facility  
  79  12:33  Probe x2  
  79  12:34  Probe  
  85  12:45  Probe  
  85  12:47  Stalker  
  85  12:48  Stalker x3  
  94  12:57  Probe x3  
  97  13:02  Assimilator  
  97  13:06  Assimilator  
  97  13:09  Probe x2  
  97  13:12  Disruptor  
  102  13:14  Zealot x4  
  102  13:17  Zealot  
  102  13:19  Zealot  
  114  13:21  Zealot  
  114  13:24  Probe x2  
  114  13:25  Probe  
  113  13:53  Zealot x3  
  113  13:54  Zealot x3  
  125  14:00  Pylon  
  123  14:02  Pylon  
  123  14:05  Pylon  
  123  14:06  Pylon  
  123  14:17  Colossus  
  123  14:18  Forge  
  123  14:20  Colossus  
  135  14:35  Templar Archives  
  135  14:36  Zealot x3  
  135  14:37  Zealot x4  
  149  14:39  Zealot  
  127  15:15  Colossus x2  
  105  15:23  Zealot x3  
  105  15:24  Zealot x5  
  112  15:49  Stalker x3  
  118  15:50  Stalker x3  
  118  15:51  Stalker  
  118  15:53  Stalker  
  125  16:17  High Templar x2  
  125  16:18  High Templar x6  
Show
View Real Time Build Order
Export as new Build Order

Sketchaphone Zerg 

Build Orders: Hatch First, Muta Ling Bane 

Get SALT Encoding   

  12  0:01  Drone  
  13  0:13  Overlord  
  13  0:19  Drone  
  14  0:31  Drone x2  
  16  0:38  Drone  
  17  0:57  Hatchery  
  17  1:00  Drone  
  17  1:03  Drone, Extractor  
  17  1:07  Drone  
  18  1:29  Spawning Pool  
  18  1:31  Drone x2  
  19  1:48  Overlord  
  19  1:51  Drone  
  20  2:00  Overlord  
  20  2:13  Drone  
  21  2:16  Queen  
  21  2:19  Metabolic Boost  
  21  2:20  Drone x2  
  25  2:25  Drone  
  26  2:30  Drone  
  26  2:36  Drone  
  28  2:43  Pneumatized Carapace  
  28  2:47  Drone  
  28  2:50  Drone  
  30  2:51  Queen  
  30  2:53  Zergling x2  
  33  3:00  Overlord  
  33  3:11  Spore Crawler  
  32  3:14  Drone  
  32  3:18  Drone  
  34  3:31  Queen  
  36  3:40  Drone x5, Hatchery  
  40  3:45  Overlord  
  40  4:00  Baneling Nest  
  40  4:01  Overlord  
  39  4:03  Overlord  
  39  4:18  Zergling x10  
  39  4:20  Overlord  
  39  4:21  Overlord  
  44  4:24  Zergling x2  
  44  4:26  Lair  
  45  4:33  Spore Crawler  
  45  4:34  Zergling x4  
  46  4:47  Zergling x10  
  51  4:55  Spore Crawler  
  51  4:59  Queen  
  52  5:01  Drone x5  
  52  5:04  Spore Crawler  
  56  5:11  Drone  
  56  5:12  Drone  
  58  5:14  Drone  
  58  5:16  Extractor  
  58  5:17  Drone  
  59  5:23  Spore Crawler  
  59  5:25  Spore Crawler  
  59  5:28  Evolution Chamber  
  56  5:29  Drone x2, Extractor x2  
  56  5:30  Drone  
  57  5:39  Roach Warren  
  57  5:41  Drone x2  
  57  5:42  Drone  
  59  5:51  Drone x4  
  59  5:52  Drone  
  64  5:59  Zerg Ground Armor Level 1  
  64  6:03  Drone  
  65  6:05  Evolution Chamber, Drone  
  65  6:28  Overlord  
  65  6:29  Drone  
  65  6:32  Glial Reconstitution  
  66  6:33  Spire, Zerg Missile Weapons Level 1  
  66  6:34  Drone  
  66  6:35  Drone  
  66  6:36  Drone x2  
  66  6:37  Drone  
  66  6:38  Drone  
  71  6:40  Drone  
  71  6:43  Drone x2  
  74  6:47  Overlord  
  74  6:50  Drone  
  74  6:51  Drone  
  76  6:55  Drone x3  
  76  6:56  Drone  
  76  7:01  Centrifical Hooks  
  79  7:20  Overlord x2  
  79  7:22  Overlord  
  79  7:24  Roach  
  79  7:25  Roach x4  
  79  7:27  Overlord  
  79  7:28  Overlord  
  83  7:45  Zergling x14  
  82  7:59  Overseer  
  82  8:02  Roach x6  
  94  8:07  Zerg Melee Weapons Level 1  
  94  8:08  Zergling x4  
  96  8:15  Zergling x4  
  96  8:19  Ravager  
  92  8:24  Zergling x10  
  91  8:28  Zergling x2  
  86  8:36  Roach  
  86  8:37  Roach x2  
  86  8:38  Zerg Flyer Weapons Level 1, Mutalisk  
  86  8:39  Mutalisk  
  86  8:41  Roach  
  94  8:48  Zergling x2  
  86  8:51  Zerg Ground Armor Level 2  
  86  9:10  Mutalisk x6  
  86  9:13  Zergling x2  
  86  9:14  Overlord, Zergling x6  
  102  9:20  Hatchery  
  101  9:26  Mutalisk x2  
  104  9:31  Extractor  
  104  9:34  Overlord x3, Mutalisk  
  104  9:35  Extractor  
  104  9:36  Zergling x4  
  106  9:39  Hatchery, Drone x3  
  110  9:47  Queen  
  110  10:12  Zergling x2  
  86  10:40  Mutalisk x3  
  86  10:41  Mutalisk x5  
  88  10:44  Zergling x14  
  95  10:52  Zerg Melee Weapons Level 2  
  95  10:53  Roach x3  
  95  10:55  Zergling x2  
  102  10:58  Zergling x8  
  102  11:01  Queen  
  102  11:02  Zergling x4  
  110  11:08  Infestation Pit  
  109  11:12  Evolution Chamber  
  109  11:14  Hydralisk Den  
  109  11:15  Overlord x2  
  106  11:29  Roach  
  106  11:30  Roach x11, Zergling x2  
  106  11:31  Zergling x8  
  135  11:46  Mutalisk x2  
  124  11:47  Zergling x14  
  80  12:28  Roach, Grooved Spines  
  78  12:30  Hive  
  78  12:33  Burrow  
  78  12:36  Drone x13  
  91  12:42  Zergling x4  
  93  12:44  Zerg Missile Weapons Level 2  
  93  12:51  Lurker Den  
  93  12:56  Extractor x2  
  90  13:01  Overlord x3  
  90  13:04  Corruptor  
  92  13:27  Roach x3  
  92  13:28  Roach x20  
  138  13:37  Zergling x8  
  142  13:42  Muscular Augments, Hydralisk x5  
  152  13:52  Ravager x2  
  154  14:03  Zergling x22  
  154  14:07  Adrenal Glands  
  165  14:16  Overseer  
  165  14:19  Overseer  
  165  14:30  Drone x4  
  169  14:42  Roach x4  
  177  14:46  Swarm Host x3  
  167  15:12  Zergling x40  
  151  15:18  Zergling x2  
  151  15:19  Zergling x2  
  138  15:21  Zergling x2  
  131  15:32  Roach x5  
  136  15:39  Corruptor  
  136  15:40  Corruptor x3  
  124  15:47  Hydralisk x3  
  120  15:52  Hydralisk x3  
  120  15:54  Ravager  
  120  15:56  Hydralisk x2  
Tags
 
Add a new tag
Caveats
  • Supply blocks, unpowered buildings, or Contaminate may cause inaccurate times.
  • Supply counts are checked every 10 seconds.